 Dungeon Crawl Stone Soup version 0.29-a0-1006-g0dd7720b37 (webtiles) character file.

Game seed: 17472483803666643629

6283 drpainis the Cleaver (level 10, -5/90 HPs)
             Began as a Hill Orc Fighter on Aug 7, 2022.
             Was an Elder of Beogh.
             Slain by a troll (9 damage)
             ... on level 1 of the Orcish Mines.
             The game lasted 00:21:31 (11294 turns).

drpainis the Cleaver (Hill Orc Fighter)            Turns: 11294, Time: 00:21:31

Health: -5/90      AC: 17    Str: 26 (27) XL:     10   Next: 94%
Magic:  10/10      EV: 13    Int:  8      God:    Beogh [****..]
Gold:   636        SH:  5    Dex: 10      Spells: 9/9 levels left

rFire   . . .      SeeInvis +   H - +0 war axe
rCold   . . .      Faith    .   c - +0 buckler
rNeg    + . .      Spirit   .   m - +1 chain mail
rPois   .          Reflect  .   F - +2 helmet {SInv}
rElec   .          Harm     .   D - +0 cloak of a Gauntlet {Regen+ Str+3}
rCorr   .          Rampage  .   (no gloves)
Will    .....      Rage     3%  (no boots)
Stlth   ..........              f - amulet of magic regeneration
HPRegen 1.05/turn               j - ring of positive energy
MPRegen 0.52/turn               w - +4 ring of evasion

@: no status effects
A: hooves 1, berserk 1, deterioration 1, MP-powered wands
a: Renounce Religion, Smiting, Recall Orcish Followers


You were on level 1 of the Orcish Mines.
You worshipped Beogh.
Beogh was greatly pleased with you.
You visited 2 branches of the dungeon, and saw 11 of its levels.

You collected 915 gold pieces.
You spent 279 gold pieces at shops.

Inventory:

Hand Weapons
 a - a +0 war axe
 H - a +0 war axe (weapon)
Missiles
 n - 3 throwing nets
 t - a curare-tipped dart (quivered)
 A - 3 atropa-tipped darts
 L - 10 poisoned darts
Armour
 b - a +0 scale mail
 c - a +0 buckler (worn)
 d - the +1 cloak "Haotwes" {-Tele rPois Regen+ Int+6}
   (You found it on level 4 of the Dungeon)

   Int:       It affects your intelligence (+6).
   rPois:     It protects you from poison.
   -Tele:     It prevents most forms of teleportation.
   Regen:     It increases your rate of health regeneration.
 m - a +1 chain mail (worn)
 q - a +0 leather armour of cold resistance
 r - a +0 cloak
 x - a +2 leather armour of willpower
 D - the +0 cloak of a Gauntlet (worn) {Regen+ Str+3}
   (You acquired it on level 6 of the Dungeon)

   Str:       It affects your strength (+3).
   Regen:     It increases your rate of health regeneration.
 F - a +2 helmet of see invisible (worn)
Jewellery
 e - a ring of flight
 f - an amulet of magic regeneration (around neck)
 j - a ring of positive energy (left hand)
 w - a +4 ring of evasion (right hand)
Wands
 o - a wand of flame (35)
 u - a wand of light (7)
 B - a wand of polymorph (14)
 O - a wand of digging (2)
 R - a wand of paralysis (4)
 T - a wand of mindburst (6)
Scrolls
 g - a scroll of fear
 h - 3 scrolls of amnesia
 k - a scroll of noise
 s - 5 scrolls of teleportation
 y - 2 scrolls of butterflies
 z - a scroll of magic mapping
 E - a scroll of torment
 G - a scroll of silence
 M - 3 scrolls of identify
 S - 2 scrolls of enchant weapon
 U - 2 scrolls of immolation
Potions
 i - 3 potions of brilliance
 l - a potion of lignification {unknown}
 p - a potion of cancellation
 v - 4 potions of flight
 C - a potion of resistance
 J - a potion of heal wounds
 K - 3 potions of curing
 N - a potion of berserk rage {unknown}
 P - a potion of haste


   Skills:
 + Level 8.4 Fighting
 + Level 13.9 Axes
 + Level 9.5 Armour
 + Level 2.5 Dodging
 + Level 1.8 Stealth
 + Level 6.4 Shields
 + Level 0.2 Invocations


You had 9 spell levels left.
You didn't know any spells.
Your spell library contained the following spells:

 Spells                   Type           Power      Damage    Failure   Level
 Foxfire                  Conj/Fire      0%         2x1d4     95%         1
 Slow                     Hex            0%         N/A       95%         1
 Ensorcelled Hibernation  Hex/Ice        0%         N/A       99%         2
 Passwall                 Tmut/Erth      0%         N/A       99%         2
 Confusing Touch          Hex            0%         N/A       100%        3
 Conjure Flame            Conj/Fire      0%         6-21      100%        3
 Dazzling Flash           Conj/Hex       0%         N/A       100%        3
 Inner Flame              Hex/Fire       0%         N/A       100%        3
 Spider Form              Tmut/Pois      0%         N/A       100%        3
 Swiftness                Air            0%         N/A       100%        3
 Vampiric Draining        Necr           0%         2d6       100%        3
 Anguish                  Hex/Necr       0%         N/A       100%        4
 Flame Wave               Conj/Fire      0%         2d4       100%        4
 Iskenderun's Mystic Bla  Conj/Tloc      0%         2d3       100%        4
 Starburst                Conj/Fire      0%         6d3       100%        6


Dungeon Overview and Level Annotations

Branches:
Dungeon (9/15)             Temple (0/1) D:4             Orc (2/2) D:9
   Lair: D:8-11         Elf: Orc:2

Altars:
Dithmenos
Kikubaaqudgha
Ru
Uskayaw
Xom
Beogh

Shops:
D:6 [   D:8 *[   Orc:2 [


Innate Abilities, Weirdness & Mutations

You have large cloven feet.
You sometimes lose your temper in combat.
Your body sometimes deteriorates upon taking damage.
You expend magic power (3 MP) to strengthen your wands.


Message History

The ogre is almost dead.
You hit the troll.
The ogre hits you with a +0 giant spiked club!
* * * LOW HITPOINT WARNING * * *
The troll bites you but does no damage.
The troll claws you but does no damage. x2
You hit the ogre but do no damage. You kick the ogre.
You kill the ogre!
Beogh accepts your kill.
You barely miss the troll. Beogh blesses you with reinforcements.
The troll bites you!
* * * LOW HITPOINT WARNING * * *
The troll claws you but does no damage. The troll claws you!
* * * LOW HITPOINT WARNING * * *
You feel your strength returning.
You completely miss the troll. You kick the troll, but do no damage.
The troll is moderately wounded.
You closely miss the troll.
The troll is moderately wounded.
The troll bites you but does no damage. The troll closely misses you.
The troll barely misses you.
Your orc barely misses the troll.
You barely miss the troll. You kick the troll, but do no damage.
The troll is moderately wounded.
The troll bites you.
* * * LOW HITPOINT WARNING * * *
You block the troll's attack. x2
Your orc priest hits the troll with a +0 dagger.
Marbork hits the troll with a +0 short sword.
Your orc wizard gestures wildly while chanting.
Your orc wizard flickers and vanishes for a moment.
You hit the troll but do no damage.
The troll is moderately wounded.
The troll barely misses you. x2; You block the troll's attack.
Your orc priest barely misses the troll.
You hit the troll.
The troll is moderately wounded.
The troll bites you.
* * * LOW HITPOINT WARNING * * *
You block the troll's attack. The troll claws you!
You die...

#...#.#.....)....##.######.
#........)..[........#.###.
##.#.....#....).....#......
#.........#..........#.....
##..)(...#..[.....#.#.#oo.#
##.##[...#.........##...#)..
#o.o#.[.............#..#....
##.o#.....)ooo.....#....#...
##........o@T.....#.........
#......#..o)o.........#.....
#.....###............##.....
##.#### ##.........#####....
### ##...........#.##.)..
#...............##..#
##.#.######.....##... #####
##.....#..... #....o.......


You could see a troll (ally target), a friendly orc priest, the friendly Marbork
the orc priest, 2 friendly orc wizards and 2 friendly orcs.

Vanquished Creatures
  Pikel (D:8)
  An orc knight (Orc:1)
  A troll (Orc:1)
  A vampire (D:7)
  3 water moccasins
  9 orc warriors
  6 ogres
  2 centaurs
  A wolf (D:9)
  A bullfrog (D:7)
  4 kobold brigands
  2 necrophages
  A gnoll sergeant (D:8)
  A scorpion (D:6)
  2 electric eels (D:9)
  2 vampire bats (D:5)
  8 howler monkeys
  4 hounds
  An orc priest (D:9)
  4 jellies
  Natasha (thrice) (D:2)
  An iguana (D:5)
  5 orc wizards
  23 gnolls
  5 adders
  A shadow imp (D:8)
  2 ufetubi
  A dart slug (D:3)
  13 orcs
  5 ball pythons
  3 bat skeletons (D:5)
  3 bat zombies (D:5)
  7 endoplasms
  2 giant cockroaches
  14 hobgoblins
  2 jackals (D:1)
  50 kobolds
  4 quokkas
  5 bats
  3 frilled lizards
  8 goblins
  5 rats
220 creatures vanquished.

Vanquished Creatures (collateral kills)
  A two-headed ogre (D:9)
  A troll (Orc:2)
  A wyvern (D:9)
  5 wargs
  An orc warrior (Orc:1)
  An ogre (Orc:2)
  2 howler monkeys (D:9)
  4 orc priests
  An orc wizard (Orc:1)
  A centaur simulacrum (D:9)
  2 white imps (D:9)
  An ufetubus (D:9)
  4 orcs
25 creatures vanquished.

Vanquished Creatures (others)
  6 orc warriors
  3 orc priests
  3 orc wizards
  15 orcs
  A plant (D:1)
28 creatures vanquished.

Grand Total: 273 creatures vanquished

Notes
Turn   | Place    | Note
-------+----------+-------------------------------------------
     0 | D:1      | drpainis the Hill Orc Fighter began the quest for the Orb.
     0 | D:1      | Reached XP level 1. HP: 19/19 MP: 1/1
   295 | D:1      | Reached XP level 2. HP: 27/27 MP: 2/2
   578 | D:1      | Reached skill level 3 in Axes
   647 | D:1      | Reached XP level 3. HP: 17/33 MP: 3/3
  1668 | D:2      | Noticed Natasha
  1672 | D:2      | Killed Natasha
  1673 | D:2      | Reached skill level 4 in Axes
  1673 | D:2      | Reached XP level 4. HP: 34/40 MP: 4/4
  1674 | D:2      | Noticed Natasha
  1685 | D:2      | Killed Natasha
  2301 | D:2      | Found a roughly hewn altar of Beogh.
  2309 | D:2      | Reached XP level 5. HP: 46/46 MP: 5/5
  2355 | D:2      | Found a faded altar of an unknown god.
  2432 | D:2      | Noticed Natasha
  2441 | D:2      | Killed Natasha
  2442 | D:2      | Reached skill level 5 in Axes
  2903 | D:2      | Gained mutation: You have hidden genetic defects. [potion
                  | of mutation]
  2903 | D:2      | Gained mutation: You have large cloven feet. [potion of
                  | mutation]
  2903 | D:2      | Gained mutation: You expend magic power (3 MP) to
                  | strengthen your wands. [potion of mutation]
  2999 | D:3      | Found a shadowy altar of Dithmenos.
  3129 | D:3      | Found a sacrificial altar of Ru.
  3377 | D:3      | Gained mutation: You sometimes lose your temper in combat.
                  | [hidden defects]
  4028 | D:2      | Became a worshipper of Beogh the Brigand
  4134 | D:4      | Gained mutation: Your body sometimes deteriorates upon
                  | taking damage. [hidden defects]
  4134 | D:4      | Lost mutation: You have hidden genetic defects. [hidden
                  | defects expressed]
  4165 | D:4      | Identified the +1 cloak "Haotwes" {-Tele rPois Regen+
                  | Int+6}
  4465 | D:4      | Reached XP level 6. HP: 52/52 MP: 6/6
  4619 | D:4      | Found a staircase to the Ecumenical Temple.
  4731 | D:4      | Reached skill level 6 in Axes
  4835 | D:4      | Reached * piety under Beogh
  4838 | D:4      | Reached skill level 5 in Armour
  5075 | D:4      | Reached XP level 7. HP: 60/60 MP: 7/7
  5270 | D:4      | Reached skill level 7 in Axes
  5316 | D:4      | Reached ** piety under Beogh
  5799 | D:5      | Entered Level 5 of the Dungeon
  5907 | D:5      | Reached skill level 1 in Dodging
  5924 | D:5      | Found a hide-covered altar of Uskayaw.
  5968 | D:5      | Found an ancient bone altar of Kikubaaqudgha.
  5973 | D:5      | Reached skill level 8 in Axes
  5980 | D:5      | Reached skill level 5 in Fighting
  6084 | D:5      | Reached XP level 8. HP: 68/68 MP: 8/8
  6157 | D:5      | Found a shimmering altar of Xom.
  6809 | D:6      | Found Bowuirimm's Armour Shoppe.
  6816 | D:6      | You fall into a shaft and drop 3 floors!
  6856 | D:8      | Reached skill level 9 in Axes
  7222 | D:7      | Reached skill level 5 in Shields
  7242 | D:7      | Reached skill level 10 in Axes
  7292 | D:7      | Reached *** piety under Beogh
  7293 | D:7      | Reached XP level 9. HP: 75/75 MP: 9/9
  7575 | D:6      | Bought a +2 helmet of see invisible for 279 gold pieces
  7965 | D:6      | Identified a scroll of acquirement
  7966 | D:6      | Acquired the +0 cloak of a Gauntlet {Regen+ Str+3}
  8211 | D:7      | Reached skill level 11 in Axes
  8674 | D:8      | Reached skill level 1 in Stealth
  8742 | D:8      | Found Woklus's Armour Emporium.
  8827 | D:8      | Found Peolio Seatt's Neck Hole.
  8979 | D:8      | Noticed Pikel
  8986 | D:8      | Killed Pikel
  8987 | D:8      | Reached skill level 12 in Axes
  9344 | D:9      | Reached XP level 10. HP: 86/86 MP: 10/10
  9649 | D:9      | Found a staircase to the Orcish Mines.
  9663 | D:9      | Found a roughly hewn altar of Beogh.
  9766 | D:9      | Reached skill level 13 in Axes
  9980 | D:9      | Noticed a two-headed ogre
  9986 | D:9      | Killed a two-headed ogre
 10231 | Orc:1    | Entered Level 1 of the Orcish Mines
 10281 | Orc:1    | Gained Hawl as an ally
 10414 | Orc:1    | Reached **** piety under Beogh
 11025 | Orc:2    | Entered Level 2 of the Orcish Mines
 11026 | Orc:2    | Found Hitosous's Antique Armour Emporium.
 11030 | Orc:2    | Noticed an orc knight
 11030 | Orc:2    | Noticed an orc sorcerer
 11036 | Orc:2    | Noticed a cyclops
 11038 | Orc:2    | Your ally Hawl died
 11047 | Orc:2    | Noticed a soul eater
 11061 | Orc:1    | Killed an orc knight
 11289 | Orc:1    | Gained Marbork as an ally
 11294 | Orc:1    | HP: 4/90 [troll (5)]
 11294 | Orc:1    | Slain by a troll

Illustrated notes

Levels and vault maps discovered:
D:1:      mrwooster_arrival_statue, layout_loops_ring, minmay_misc_feat_square,
          hangedman_decor_peaks_small, chequers_big_river
D:2:      layout_loops_ring, hellmonk_ecumenical_altar_defaced_shrine,
          uniq_natasha
D:3:      layout_basic, overflow_temple_1_default,
          mainiacjoe_overflow_small_starburst, minivault_4,
          guppyfry_early_orc_mine
D:4:      minmay_goblin_kobold_castle, layout_loops_cross,
          minmay_temple_entry_from_below_a
D:5:      kennysheep_spiral_hall, layout_loops_cross, kennysheep_vampire_church,
          nicolae_uskayaw_suspiria, xom_teletrap_fun
D:6:      layout_basic, serial_shops, nicolae_shop_advertising_works
          [nicolae_subvault_shop_adworks], serial_corexii_hall,
          chequers_hall_statues_y, corexii_hall_statues_i,
          minmay_stone_trees_large, nicolae_underground_beach
D:7:      layout_cave_pools
D:8:      layout_gridville, serial_shops, shop,
          nicolae_shop_sticking_my_neck_out, uniq_pikel
D:9:      layout_rooms, minmay_orc_entry_temple_small, serial_ice, serial_ice_f,
          serial_ice_c, serial_ice_k, serial_ice_o
Orc:1:    layout_caves
Orc:2:    st_orc_open, layout_caves, gammafunk_ghost_grave, serial_shops, shop,
          nicolae_shop_trees, nicolae_shop_bloodbath_and_beyond,
          nicolae_shop_trees, basic_altar, nicolae_shop_self_help

Skill      XL: |  1  2  3  4  5  6  7  8  9 10 |
---------------+-------------------------------+-----
Axes           | 3 4 5 6 8 10 12 13 | 13.9
Shields        | 4 5 6 |  6.4
Fighting       | 4 5 7 8 |  8.4
Armour         | 4 5 6 8 9 |  9.5
Dodging        | 1 2 |  2.5
Stealth        | 1 |  1.8
Invocations    | |  0.2

Action                   |  1- 3 |  4- 6 |  7- 9 | 10-12 || total
-------------------------+-------+-------+-------+-------++-------
Melee: War axe           |    97 |   160 |   282 |   109 ||   648
       Kick              |       |    27 |    62 |    39 ||   128
Invok: Recall Orcish Fol |       |       |       |     1 ||     1
  Use: Potion            |       |     9 |     2 |     3 ||    14
       Scroll            |       |     4 |     8 |     4 ||    16
 Stab: Distracted        |       |       |       |     2 ||     2
Armor: Scale mail        |    31 |       |       |       ||    31
       Chain mail        |    20 |   120 |   191 |    58 ||   389
Dodge: Dodged            |    46 |    65 |   167 |    96 ||   374
Block: Buckler           |    27 |    32 |    88 |    38 ||   185

Table legend: (Time is in decaauts)
 A = Elapsed time spent in this place.
 B = Non-inter-level travel time spent in this place.
 C = Inter-level travel time spent in this place.
 D = Time resting spent in this place.
 E = Time spent auto-exploring this place.
 F = Levels seen in this place.
 G = Mean time per level.
                   A        B        C        D        E       F      G
               +--------+--------+--------+--------+--------+-----+--------+
         Total |  11487 |  11155 |    332 |   2506 |   5678 |  11 | 1044.3 |
       Dungeon |  10431 |  10099 |    332 |   1809 |   5482 |   9 | 1159.0 |
  Orcish Mines |   1056 |   1056 |      0 |    697 |    196 |   2 |  528.0 |
               +--------+--------+--------+--------+--------+-----+--------+

Top non-repeatable levels by time:
     D:4: 1762 daAuts
     D:2: 1731 daAuts
     D:1: 1477 daAuts
     D:6: 1118 daAuts
   Orc:1: 1025 daAuts
     D:3: 986 daAuts
     D:9: 938 daAuts
     D:7: 870 daAuts
     D:8: 779 daAuts
     D:5: 766 daAuts
   Orc:2: 31 daAuts
